 Dungeon Crawl Stone Soup version 0.18.1-5-g4a78601 (webtiles) character file.

47 Esekla the Ducker (level 3, -1/23 HPs)
             Began as a High Elf Transmuter on May 12, 2016.
             Succumbed to an adder's poison
             ... on level 2 of the Dungeon.
             The game lasted 00:15:49 (1747 turns).

Esekla the Ducker (High Elf Transmuter)             Turns: 1747, Time: 00:15:50

Health: -1/23      AC:  2    Str:  9    XL:     3   Next: 48%
Magic:  7/7        EV: 13    Int: 17    God:
Gold:   24         SH:  0    Dex: 16    Spells: 1 memorised, 6 levels left

rFire  . . .     SeeInvis .     h - +0 short sword
rCold  . . .     Gourm    .     i - +0 robe
rNeg   . . .     Faith    .     (no shield)
rPois  .         Spirit   .     (no helmet)
rElec  .         Dismiss  .     (no cloak)
rCorr  .         Reflect  .     (no gloves)
SustAt .         Harm     .     (no boots)
MR     +....                    (no amulet)
Stlth  ++........               (no ring)
                                g - ring of protection from magic

@: lethally poisoned (-1 -> -26), flying, somewhat resistant to hostile
enchantments, unstealthy
A: no striking features
a: no special abilities


You were on level 2 of the Dungeon.
You were not hungry.

You visited 1 branch of the dungeon, and saw 2 of its levels.

You collected 24 gold pieces.

Inventory:

Hand Weapons
 d - a +0 dagger
 h - a +0 short sword (weapon)
 o - a +0 dagger
 q - a +0 short sword
 u - a +0 dagger
Missiles
 a - 32 arrows
 f - 24 stones (quivered)
 k - 6 javelins
Armour
 b - a +0 robe
 i - a +0 robe (worn)
 n - a +0 helmet
 p - a +0 ring mail
 s - a +0 leather armour
 t - a +0 leather armour
Jewellery
 g - a ring of protection from magic (left hand)
Scrolls
 e - 2 scrolls of remove curse {unknown}
 r - a scroll of teleportation {unknown}
 v - a scroll of fog {unknown}
Books
 c - a book of Changes

   Spells                             Type                      Level
   a - Beastly Appendage              Transmutation                1
   b - Sticks to Snakes               Transmutation                2
   c - Spider Form                    Transmutation/Poison         3
   d - Ice Form                       Ice/Transmutation            4
   e - Blade Hands                    Transmutation                5
Comestibles
 j - 2 meat rations
 m - a royal jelly


   Skills:
 + Level 1.2 Fighting
 * Level 2.6 Short Blades
 + Level 3.1 Dodging
 + Level 0.2 Stealth
 - Level 2.4 Unarmed Combat
 + Level 2.5 Spellcasting
 - Level 2.1 Transmutations


You had 6 spell levels left.
You knew the following spells:

 Your Spells              Type           Power        Failure   Level  Hunger
a - Beastly Appendage     Trmt           #.....       10%         1    #......


Dungeon Overview and Level Annotations

Branches:
Dungeon (2/15)

Altars:


Message History

The adder poisons you!
You barely miss the adder.
The adder is heavily wounded.
The adder bites you.
You are more poisoned.
The adder poisons you!
You barely miss the adder.
The adder is heavily wounded.
You feel sick. The adder bites you.
* * * LOW HITPOINT WARNING * * *
You are more poisoned.
The adder poisons you! The adder bites you.
* * * LOW HITPOINT WARNING * * *
You are more poisoned.
The adder poisons you!
Drink which item? (? for menu, Esc to quit)
It was a potion of flight.
You feel very buoyant.
You fly up into the air.
You die...

#. ##. #.. #..
#.. ##. #.
##.####### #.
(.....S@.# #.
#.######.# #. #.#
#. #.# #. #.# #.
#.##############.
#................
#..#########.####
######..# #.####


You could see an adder.

Vanquished Creatures
  An adder (D:2)
  3 dart slugs (D:1)
  A giant gecko (D:1)
  A bat (D:2)
  2 giant cockroaches (D:1)
  7 goblins (D:1)
  3 hobgoblins
  2 giant newts (D:1)
  5 kobolds
  5 rats (D:1)
30 creatures vanquished.

Notes
Turn   | Place    | Note
--------------------------------------------------------------
     0 | D:1      | Esekla the High Elf Transmuter began the quest for the Orb.
     0 | D:1      | Reached XP level 1. HP: 13/13 MP: 4/4
   513 | D:1      | Reached XP level 2. HP: 18/18 MP: 6/6
   637 | D:1      | Reached skill level 3 in Dodging
   703 | D:1      | Reached skill level 1 in Short Blades
   945 | D:1      | Reached XP level 3. HP: 23/23 MP: 7/7
  1746 | D:2      | HP: 1/23 [adder (5)]
  1747 | D:2      | Succumbed to an adder's poison

Skill      XL: |  1  2 |
---------------+-------+-----
Dodging        | 3 |  3.1
Short Blades   | 2 |  2.6
Fighting       | |  1.2
Stealth        | |  0.2
Unarmed Combat | |  2.4
Spellcasting   | |  2.5
Transmutations | |  2.1

Action                   || total
-------------------------++-------
Melee: Short sword       ||   113
       Unarmed           ||     2
       Punch             ||     1
Throw: Stone             ||    42
  Use: Potion            ||     1
 Stab: Sleeping          ||     2
  Eat: Bread ration      ||     1
Armor: Robe              ||     9
Dodge: Dodged            ||    59
